 Dungeon Crawl Stone Soup version 0.26.1-2-gb8aa6d0cf2 (webtiles) character file.

Game seed: 6787603771799455558

81 Gadfly the Cudgeller (level 4, -1/44 HPs)
             Began as a Troll Berserker on Mar 5, 2021.
             Was a Follower of Trog.
             Slain by a gnoll
             ... wielding a +0 spear
              (5 damage)
             ... on level 3 of the Dungeon.
             The game lasted 00:02:06 (1444 turns).

Gadfly the Cudgeller (Troll Berserker)              Turns: 1444, Time: 00:02:07

Health: -1/44      AC:  6    Str: 25    XL:     4   Next: 19%
Magic:  3/3        EV: 14    Int:  3    God:    Trog [*.....]
Gold:   77         SH:  0    Dex: 10    Spells: 3/3 levels left

rFire    . . .     SeeInvis .   a - +1 mace
rCold    . . .     Faith    .   (no shield)
rNeg     . . .     Spirit   .   b - +0 animal skin
rPois    .         Reflect  .   (helmet restricted)
rElec    .         Harm     .   (no cloak)
rCorr    .         Rampage  .   (gloves unavailable)
Will     .....                  (boots unavailable)
Stlth    +.........             (no amulet)
HPRegen  0.54/turn              c - +4 ring of evasion
MPRegen  0.08/turn              (no ring)

@: berserk cooldown, slowed, very slow
A: large, unfitting armour, claws 3, regeneration 1, shaggy fur 1, tough skin 3
a: Renounce Religion, Berserk


You were on level 3 of the Dungeon.
You worshipped Trog.
Trog was aware of your devotion.
You visited 1 branch of the dungeon, and saw 3 of its levels.

You collected 77 gold pieces.

Inventory:

Hand Weapons
 a - a +1 mace (weapon)
Armour
 b - a +0 animal skin (worn)
Jewellery
 c - a +4 ring of evasion (left claw)
Scrolls
 f - a scroll of remove curse
Potions
 h - a potion of flight
 i - a potion of lignification {unknown}


   Skills:
 + Level 2.8 Fighting
 + Level 3.0 Maces & Flails
 * Level 1.6 Armour
 - Level 2.4 Dodging
 * Level 1.4 Evocations


You had 3 spell levels left.
You didn't know any spells.
Your spell library was empty.

Dungeon Overview and Level Annotations

Branches:
Dungeon (3/15)

Altars:


Innate Abilities, Weirdness & Mutations

You are too large for most types of armour.
You have claws for hands.
Your natural rate of healing is unusually fast.
You are covered in fur. (AC +1)
You have extremely tough skin. (AC +3)


Message History

You feel yourself slow down. The gnoll closely misses you.
Things that are here:
a +0 whip; a +0 hand axe You closely miss the gnoll.
The gnoll hits you with a +0 halberd! The gnoll hits you with a +0 spear.
The gnoll hits you with a +0 halberd!
* * * LOW HITPOINT WARNING * * *
The gnoll hits you with a +0 spear.
* * * LOW HITPOINT WARNING * * *
You hit the gnoll.
The gnoll is moderately wounded.
The gnoll hits you with a +0 spear.
* * * LOW HITPOINT WARNING * * *
The gnoll hits you with a +0 halberd!
* * * LOW HITPOINT WARNING * * *
The gnoll hits you but does no damage.
Okay, then.
Okay, then.
The gnoll barely misses you.
The gnoll hits you from afar with a +0 spear.
You die...

...........#.....##.## ...
#.......##.#.........'....
#....<..##.#......#.##..
#.###.#.##.#......#.... #
...#.##)#......#..###
.....#.##.#......#....#.#
...................).../..
..........................
#######.##.#####@#####.#.#
..##.# #)# # ##.##.....gg#
###...... ..........
........... ............
....$..###### .......


You could see 2 gnolls.

Vanquished Creatures
  Jessica (D:3)
  2 gnolls (D:3)
  An adder (D:2)
  2 leopard geckos
  4 bats
  8 goblins
  2 hobgoblins (D:3)
  2 frilled lizards (D:1)
  3 kobolds
25 creatures vanquished.

Notes
Turn   | Place    | Note
-------+----------+-------------------------------------------
     0 | D:1      | Gadfly the Troll Berserker began the quest for the Orb.
     0 | D:1      | Reached XP level 1. HP: 22/22 MP: 0/0
   283 | D:1      | Reached XP level 2. HP: 29/29 MP: 1/1
   808 | D:2      | Reached skill level 1 in Armour
  1202 | D:2      | Reached skill level 1 in Evocations
  1202 | D:2      | Reached XP level 3. HP: 3/36 MP: 2/2
  1419 | D:3      | Noticed Jessica
  1431 | D:3      | Killed Jessica
  1432 | D:3      | Reached skill level 3 in Maces & Flails
  1437 | D:3      | Reached XP level 4. HP: 44/44 MP: 3/3
  1444 | D:3      | Slain by a gnoll

Illustrated notes

Levels and vault maps discovered:
D:1:      minmay_arrival_checkered_box, layout_loops_ring, minmay_tromino_v4_b
D:2:      layout_loops_ring
D:3:      layout_basic, grunt_temple_overflow_gold_and_silver, uniq_jessica

Skill      XL: |  1  2  3 |
---------------+----------+-----
Armour         | 1 |  1.6
Evocations     | 1 |  1.4
Maces & Flails | 3 |  3.0
Fighting       | |  2.8
Dodging        | |  2.4

Action                   |  1- 3 |  4- 6 || total
-------------------------+-------+-------++-------
Melee: Mace              |   127 |     3 ||   130
Invok: Berserk           |     1 |       ||     1
  Use: Scroll            |     6 |       ||     6
 Stab: Sleeping          |     1 |       ||     1
Armor: Animal skin       |    55 |     1 ||    56
Dodge: Dodged            |   126 |     5 ||   131
